 Dungeon Crawl Stone Soup version 0.23-a0-79-gaa8cc03057 (webtiles) character file.

137 MrRokkomies the Ducker (level 5, -3/27 HPs)
             Began as a Spriggan Abyssal Knight on Aug 11, 2018.
             Was a Believer of Lugonu.
             Slain by Natasha (8 damage)
             ... on level 2 of the Dungeon.
             The game lasted 00:07:18 (2651 turns).

MrRokkomies the Ducker (Spriggan Abyssal Knight)    Turns: 2651, Time: 00:07:19

Health: -3/27      AC:  4    Str:  8    XL:     5   Next: 0%
Magic:  17/17      EV: 22    Int: 20    God:    Lugonu [**....]
Gold:   123        SH:  0    Dex: 21    Spells: 4/4 levels left

rFire    . . .     SeeInvis +   b - +0 hand axe of Gocext {chop, -Tele Int+5} (curse)
rCold    + . .     Gourm    .   (shield restricted)
rNeg     . . .     Faith    .   h - +2 robe "Tobuevac" {MR- MP+9 Dex+6 Stlth+}
rPois    .         Spirit   .   (helmet restricted)
rElec    .         Reflect  .   (no cloak)
rCorr    .         Harm     .   (gloves unavailable)
MR       .....     NoTele   +   (boots unavailable)
Stlth    +++.......             (no amulet)
HPRegen  0.09/turn              e - ring of protection from cold
MPRegen  0.15/turn              l - ring of teleportation (curse)

@: flying, slowed, quick
A: very small, unfitting armour, see invisible, herbivore, speed 3, slow
metabolism 2
a: Depart the Abyss, Bend Space, Renounce Religion


You were on level 2 of the Dungeon.
You worshipped Lugonu.
Lugonu was pleased with you.
You were not hungry.

You visited 1 branch of the dungeon, and saw 2 of its levels.
You visited the Abyss 1 time.

You collected 123 gold pieces.

Inventory:

Hand Weapons
 a - a +1 short sword
 b - the cursed +0 hand axe of Gocext (weapon) {chop, -Tele Int+5}
   (You found it on level 2 of the Abyss)

   It inflicts extra damage upon your enemies.
   It affects your intelligence (+5).
   It prevents most forms of teleportation.
   It has a curse placed upon it.
 j - a +0 whip of electrocution
 k - a +1 dagger of speed
Missiles
 i - 2 needles of sleeping
 o - 15 sling bullets
Armour
 f - a cursed +0 robe
 h - the +2 robe "Tobuevac" (worn) {MR- MP+9 Dex+6 Stlth+}
   (You found it on level 2 of the Abyss)

   It affects your dexterity (+6).
   It affects your resistance to hostile enchantments.
   It affects your magic capacity (+9).
   It makes you more stealthy.
Jewellery
 d - an uncursed ring of ice
 e - a ring of protection from cold (left hand)
 l - a cursed ring of teleportation (right hand)
 m - an uncursed ring of resist corrosion
 n - an uncursed ring of ice
 p - an uncursed ring of stealth
Potions
 q - a potion of invisibility
Miscellaneous
 g - a crystal ball of energy
Comestibles
 c - 2 rations


   Skills:
 - Level 2.4 Fighting
 * Level 3.4 Short Blades
 + Level 6.0 Dodging
 * Level 3.0 Invocations


You had 4 spell levels left.
You didn't know any spells.
Your spell library was empty.

Dungeon Overview and Level Annotations

Branches:
Dungeon (2/15)

Altars:
Dithmenos

Annotations:
D:2 Crazy Yiuf, Natasha


Innate Abilities, Weirdness & Mutations

You are very small and have problems with some larger weapons.
You are too small for most types of armour.
You have supernaturally acute eyesight. (SInv)
You are a herbivore.
You cover ground extremely quickly.
You need to consume almost no food.


Message History

Natasha drinks a potion.
Natasha is healed!
Natasha wildly gestures.
Natasha shimmers violently.
Natasha barely misses you.
You closely miss Natasha.
Natasha is moderately wounded.
Natasha claws you.
* * * LOW HITPOINT WARNING * * *
Natasha misses you.
You hit Natasha.
Natasha is heavily wounded.
Natasha misses you.
Natasha drinks a potion.
Natasha is healed!
It was a potion of flight.
You feel very buoyant.
You fly up into the air.
Natasha closely misses you.
Natasha stares at you and mumbles some strange words.
You feel as though you will be slow longer.
You hit Natasha but do no damage. Natasha completely misses you.
Natasha claws you!
You die...

.#.# #####......# ...#
#####..........###
##.####.......#........#
#....#......###.......#
##.##....##..###..##...#
##.###...###..#..###...#
......#...##.....##...[#### ####
..........................####...
........##......@..##..........##
.......####..._.h.####....#####.(
........##.........##.....# ##..
..........................## #..#
..........##.....##..#.#...###..#
.........###..#..###......(......
....(....##..###..##.#..........#
.............###...[.##...####...
##............#...#.###...# #....


You could see Natasha.

Vanquished Creatures
  Natasha (D:2)
  Robin (D:2)
  4 adders
  A worm (D:2)
  A leopard gecko (D:1)
  A ball python (D:2)
  5 giant cockroaches
  15 goblins
  7 hobgoblins
  4 jackals (D:2)
  8 kobolds
  4 bats
  3 frilled lizards (D:1)
  6 rats
61 creatures vanquished.

Notes
Turn   | Place    | Note
-------+----------+-------------------------------------------
     0 | Abyss:1  | MrRokkomies the Spriggan Abyssal Knight began the quest for the Orb.
     0 | Abyss:1  | Reached XP level 1. HP: 11/11 MP: 3/3
   101 | Abyss:2  | Got a creamy pearl robe
   112 | Abyss:2  | Identified the +2 robe "Tobuevac" {MR- MP+9 Dex+6 Stlth+} (You found it on level 2 of the Abyss)
   118 | Abyss:2  | Noticed a smoke demon
   120 | Abyss:2  | Noticed a small abomination
   120 | Abyss:2  | Noticed a crystal guardian
   133 | Abyss:2  | Got a brightly glowing hand axe
   138 | D:1      | Escaped the Abyss
   139 | D:1      | Identified the cursed +0 hand axe of Gocext {chop, -Tele Int+5} (You found it on level 2 of the Abyss)
   148 | D:1      | Reached * piety under Lugonu
   318 | D:1      | Reached XP level 2. HP: 16/16 MP: 4/4
   319 | D:1      | Reached skill level 4 in Dodging
  1139 | D:2      | Reached XP level 3. HP: 19/19 MP: 5/5
  1287 | D:2      | Found a shadowy altar of Dithmenos.
  1299 | D:2      | Reached ** piety under Lugonu
  1377 | D:2      | Reached skill level 5 in Dodging
  1377 | D:2      | Reached XP level 4. HP: 23/23 MP: 6/6
  1385 | D:2      | Noticed Robin
  1999 | D:2      | Killed Robin
  2357 | D:2      | Found a runed door.
  2361 | D:2      | Noticed Crazy Yiuf
  2371 | D:2      | HP: 1/23 [Crazy Yiuf/quarterstaff of chaos (2)]
  2473 | D:2      | Noticed Natasha
  2540 | D:2      | Killed Natasha
  2540 | D:2      | Reached skill level 6 in Dodging
  2540 | D:2      | Reached XP level 5. HP: 13/27 MP: 8/8
  2634 | D:2      | Noticed Natasha
  2651 | D:2      | Slain by Natasha

Vault maps used:
D:1:      minmay_arrival_four_loops, patterned_corridor
D:2:      nicolae_dithmenos_shadow_blocks, uniq_natasha, uniq_robin,
          uniq_crazy_yiuf_cottage

Skill      XL: |  1  2  3  4 |
---------------+-------------+-----
Invocations    | 2 3 |  3.0
Dodging        | 4 5 6 |  6.0
Short Blades   | 3 |  3.4
Fighting       | |  2.4

Action                   |  1- 3 |  4- 6 || total
-------------------------+-------+-------++-------
Melee: Hand axe          |   140 |   126 ||   266
Invok: Depart the Abyss  |     1 |       ||     1
       Bend Space        |       |     1 ||     1
  Use: Scroll            |     3 |     3 ||     6
       Potion            |     2 |     5 ||     7
 Stab: Sleeping          |     9 |       ||     9
       Distracted        |       |     1 ||     1
Armor: Robe              |    19 |    15 ||    34
       Skin              |     3 |    35 ||    38
Dodge: Dodged            |   159 |   120 ||   279

Table legend:
 A = Non-vault XP
 B = Vault XP
 C = Vault XP percentage of total XP
 D = Non-vault monster count
 E = Vault monster count
 F = Vault count percentage of total count
 G = Total turns spent on level
                 A         B        C        D         E       F
            +---------+---------+-------+---------+---------+-------
      Total |     127 |      69 |  35.2 |      48 |      13 |  21.3
            +---------+---------+-------+---------+---------+-------
        D:1 |      53 |       0 |   0.0 |      26 |       0 |   0.0
        D:2 |      74 |      69 |  48.3 |      22 |      13 |  37.1
            +---------+---------+-------+---------+---------+-------
